 Dungeon Crawl Stone Soup version 0.21.1-1-g345015fe64 (webtiles) character file.

84 Revguard the Skirmisher (level 4, -3/35 HPs)
             Began as a Demonspawn Monk on June 5, 2018.
             Was a Believer of Fedhas.
             Slain by a gnoll
             ... wielding a +0 spear
              (6 damage)
             ... on level 3 of the Dungeon.
             The game lasted 00:09:22 (2421 turns).

Revguard the Skirmisher (Demonspawn Monk)           Turns: 2421, Time: 00:09:22

Health: -3/35      AC:  3    Str: 12    XL:     4   Next: 24%
Magic:  3/5        EV: 14    Int: 11    God:    Fedhas [**....]
Gold:   89         SH:  4    Dex: 16    Spells: 5/5 levels left

rFire    . . .     SeeInvis .     - Unarmed
rCold    . . .     Gourm    .   (no shield)
rNeg     + . .     Faith    .   a - +0 robe
rPois    .         Spirit   .   (no helmet)
rElec    .         Reflect  .   (no cloak)
rCorr    .         Harm     .   (no gloves)
MR       .....                  m - +0 pair of boots
Stlth    ++........             (no amulet)
HPRegen  0.11/turn              f - ring of positive energy
MPRegen  0.09/turn              (no ring)

@: no status effects
A: large bone plates 1
a: Fungal Bloom, Evolution, Sunlight, Renounce Religion


You were on level 3 of the Dungeon.
You worshipped Fedhas.
Fedhas was pleased with you.
You were not hungry.

You visited 1 branch of the dungeon, and saw 3 of its levels.

You collected 89 gold pieces.

Inventory:

Armour
 a - a +0 robe (worn)
 m - a +0 pair of boots (worn)
Jewellery
 f - a ring of positive energy (left hand)
Wands
 n - a wand of flame (30)
Scrolls
 c - a scroll of enchant weapon {unknown}
 e - 2 scrolls of remove curse {unknown}
 g - 2 scrolls of teleportation {unknown}
 i - 2 scrolls of identify {unknown}
 l - a scroll of fear {unknown}
Potions
 d - a potion of haste {unknown}
 j - a potion of might {unknown}
 k - a potion of brilliance {unknown}
 o - a potion of curing {unknown}
Comestibles
 b - 4 rations


   Skills:
 + Level 3.3 Fighting
 - Level 0.9 Armour
 * Level 3.2 Dodging
 + Level 2.1 Stealth
 + Level 3.3 Unarmed Combat
 * Level 1.1 Spellcasting


You had 5 spell levels left.
You didn't know any spells.

Dungeon Overview and Level Annotations

Branches:
Dungeon (3/15)

Altars:
Fedhas


Innate Abilities, Weirdness & Mutations

You are partially covered in large bone plates. (SH +4)


Message History

You feel slightly more hungry. The hobgoblin barely misses you.
The gnoll hits you from afar with a spear.
The gnoll barely misses you.
You hit the hobgoblin.
The hobgoblin is severely wounded.
You block the hobgoblin's attack.
The gnoll hits you from afar with a spear.
The gnoll hits you!
* * * LOW HITPOINT WARNING * * *
You barely miss the hobgoblin.
The hobgoblin is severely wounded.
You block the hobgoblin's attack.
The gnoll hits you from afar with a spear!
* * * LOW HITPOINT WARNING * * *
The gnoll barely misses you.
You hit the hobgoblin.
You kill the hobgoblin!
The gnoll hits you from afar with a spear.
You die...
Fedhas appreciates your contribution to the ecosystem.

## ### . ..#
#.#.### #.#.#.#
#..<#.######...
##.###..g@$gg.....
#........######...
######.### ..>.
######


You could see 3 gnolls.

Vanquished Creatures
  3 gnolls (D:3)
  An adder (D:2)
  A worm (D:2)
  3 dart slugs
  A leopard gecko (D:2)
  6 bats
  2 giant cockroaches
  3 goblins
  5 hobgoblins
  4 frilled lizards (D:1)
  6 kobolds
  4 rats
39 creatures vanquished.

Notes
Turn   | Place    | Note
-------+----------+-------------------------------------------
     0 | D:1      | Revguard the Demonspawn Monk began the quest for the Orb.
     0 | D:1      | Reached XP level 1. HP: 18/18 MP: 1/1
   180 | D:1      | Gained mutation: You are partially covered in large bone plates. (SH +4) [demonic ancestry]
   180 | D:1      | Reached XP level 2. HP: 7/24 MP: 2/2
  1103 | D:2      | Reached XP level 3. HP: 14/29 MP: 4/4
  2040 | D:2      | Found a blossoming altar of Fedhas.
  2048 | D:2      | Became a worshipper of Fedhas Madash
  2048 | D:2      | Reached * piety under Fedhas
  2048 | D:2      | Reached ** piety under Fedhas
  2389 | D:3      | Reached skill level 1 in Spellcasting
  2396 | D:3      | Reached XP level 4. HP: 29/35 MP: 5/5
  2421 | D:3      | Slain by a gnoll

Skill      XL: |  1  2  3 |
---------------+----------+-----
Unarmed Combat | 3 |  3.3
Dodging        | 3 |  3.2
Stealth        | 2 |  2.1
Spellcasting   | 1 |  1.1
Fighting       | |  3.3
Armour         | |  0.9

Action                   |  1- 3 |  4- 6 || total
-------------------------+-------+-------++-------
Melee: Unarmed           |   165 |    19 ||   184
       Punch             |     3 |     1 ||     4
Invok: Fungal Bloom      |       |     2 ||     2
       Sunlight          |       |     1 ||     1
  Use: Potion            |     2 |     2 ||     4
 Stab: Sleeping          |     2 |       ||     2
  Eat: Ration            |     2 |       ||     2
Armor: Robe              |    27 |     2 ||    29
       Skin              |     1 |       ||     1
Dodge: Dodged            |   111 |    11 ||   122
Block: Other             |    24 |     5 ||    29
